[Event "Schachfestival Open-B 2018"]
[Site "Lueneburg"]
[Date "2018.07.07"]
[Round "1"]
[White "Simone, Fruebing"]
[Black "Reuter, Marek"]
[Result "1/2-1/2"]
[ECO "D31"]
[WhiteElo "1775"]
[BlackElo "1604"]
[Annotator "NA"]
[PlyCount "44"]
[EventDate "2018.07.06"]
[EventType "swiss"]
[EventCountry "GER"]
[SourceTitle "playchess.com"]
[Source "ChessBase"]
[SourceQuality "1"]
[TimeControl "40/5400+30:1800+30"]

1. d4 d5 2. c4 e6 3. Nc3 c6 4. e3 Bd6 5. Nf3 f5 6. h4 Nd7 7. c5 Bc7 8. Bd3 Ngf6 9. Ng5 Qe7 10. f4 h6 11. Nf3 Ne4 12. h5 Ndf6 13. Bxe4 dxe4 14. Nh4 Qd8 15. Ng6 Rh7 16. Bd2 Kf7 17. Qe2 Bd7 18. O-O-O b5 19. Ne5+ Bxe5 20. dxe5 Nd5 21. Nxd5 cxd5 22. g4 a5 1/2-1/2

[Event "Schachfestival Open-B 2018"]
[Site "Lueneburg"]
[Date "2018.07.07"]
[Round "1"]
[White "Eckhard, Suliga"]
[Black "Hinke, Gerhard"]
[Result "1-0"]
[ECO "C14"]
[WhiteElo "1749"]
[BlackElo "1593"]
[Annotator "NA"]
[PlyCount "103"]
[EventDate "2018.07.06"]
[EventType "swiss"]
[EventCountry "GER"]
[SourceTitle "playchess.com"]
[Source "ChessBase"]
[SourceQuality "1"]
[TimeControl "40/5400+30:1800+30"]

1. e4 e6 2. d4 d5 3. Nc3 Nf6 4. Bg5 Be7 5. e5 Nfd7 6. Bxe7 Qxe7 7. f4 a6 8. Nf3 c5 9. dxc5 Nxc5 10. Bd3 Bd7 11. O-O Nxd3 12. cxd3 Nc6 13. Qd2 g6 14. Kh1 b5 15. a3 Na5 16. Nxd5 exd5 17. Qxa5 O-O 18. Rac1 Rfc8 19. Rxc8+ Rxc8 20. Qxa6 Qc5 21. Qd6 Bf5 22. Qxc5 Rxc5 23. d4 Rc2 24. b4 h6 25. Ra1 Kf8 26. Kg1 Ke7 27. a4 bxa4 28. Rxa4 Rb2 29. Ra7+ Ke6 30. Rb7 Bd3 31. h3 Bc4 32. Kh2 Be2 33. Kg3 Rb3 34. h4 Bd3 35. Kf2 Be4 36. b5 Rb2+ 37. Kg3 Rb3 38. b6 Rb1 39. Rb8 Kd7 40. b7 Kc7 41. Rf8 Kxb7 42. Rxf7+ Kc6 43. Nd2 Rb8 44. Nxe4 dxe4 45. Kf2 Kd5 46. Rd7+ Ke6 47. Rd6+ Kf5 48. Rf6+ Kg4 49. d5 Rb3 50. e6 g5 51. e7 Rb8 52. Rf8 1-0

[Event "Schachfestival Open-B 2018"]
[Site "Lueneburg"]
[Date "2018.07.07"]
[Round "1"]
[White "Schencke, Guenther"]
[Black "Seeber, Helmut"]
[Result "1/2-1/2"]
[ECO "D41"]
[WhiteElo "1728"]
[BlackElo "1580"]
[Annotator "NA"]
[PlyCount "73"]
[EventDate "2018.07.06"]
[EventType "swiss"]
[EventCountry "GER"]
[SourceTitle "playchess.com"]
[Source "ChessBase"]
[SourceQuality "1"]
[TimeControl "40/5400+30:1800+30"]

1. d4 d5 2. Nf3 c5 3. e3 e6 4. c4 Nf6 5. cxd5 Nxd5 6. Nc3 Be7 7. dxc5 Bxc5 8. Nxd5 exd5 9. Bd2 O-O 10. Bc3 Be6 11. Bd3 Nd7 12. Qc2 h6 13. O-O Rc8 14. Rac1 Nf6 15. Qe2 Re8 16. Bd4 Bxd4 17. Nxd4 Bg4 18. Qe1 Qb6 19. Rxc8 Rxc8 20. Qb1 Be6 21. Rc1 Ne4 22. Rxc8+ Bxc8 23. Qc2 Nd6 24. Nb5 Be6 25. Nd4 Qa5 26. b3 Qe1+ 27. Bf1 Bg4 28. Nf3 Qa1 29. h3 Bf5 30. Qe2 Ne4 31. Nd4 Nc3 32. Qd2 Ne4 33. Qe2 Nc3 34. Qc2 Ne4 35. Qe2 Nc3 36. Qd2 Ne4 37. Qe2 1/2-1/2

[Event "Schachfestival Open-B 2018"]
[Site "Lueneburg"]
[Date "2018.07.07"]
[Round "1"]
[White "Petrosyan, Tigran"]
[Black "Rausch, Darius"]
[Result "0-1"]
[ECO "A05"]
[WhiteElo "1609"]
[BlackElo "1776"]
[Annotator "NA"]
[PlyCount "46"]
[EventDate "2018.07.06"]
[EventType "swiss"]
[EventCountry "GER"]
[SourceTitle "playchess.com"]
[Source "ChessBase"]
[SourceQuality "1"]
[TimeControl "40/5400+30:1800+30"]

1. Nf3 Nf6 2. e3 g6 3. c4 Bg7 4. Nc3 d6 5. Be2 O-O 6. O-O e5 7. d4 Nbd7 8. b3 Re8 9. Bb2 e4 10. Nd2 Nf8 11. Qc2 Bf5 12. h3 h5 13. Na4 N8h7 14. c5 d5 15. Rfe1 h4 16. Nf1 Qc8 17. Kh2 Ng5 18. g4 hxg3+ 19. Nxg3 Bxh3 20. Nc3 Bg2 21. Qd1 Qh3+ 22. Kg1 Nf3+ 23. Bxf3 Bxf3 0-1

[Event "Schachfestival Open-B 2018"]
[Site "Lueneburg"]
[Date "2018.07.07"]
[Round "1"]
[White "Matthies, Alexander"]
[Black "Cremerius, Armin"]
[Result "1-0"]
[ECO "C01"]
[WhiteElo "1599"]
[BlackElo "1759"]
[Annotator "NA"]
[PlyCount "41"]
[EventDate "2018.07.06"]
[EventType "swiss"]
[EventCountry "GER"]
[SourceTitle "playchess.com"]
[Source "ChessBase"]
[SourceQuality "1"]
[TimeControl "40/5400+30:1800+30"]

1. e4 e6 2. d4 d5 3. exd5 exd5 4. Bd3 Nf6 5. Ne2 Bd6 6. O-O c6 7. Bf4 Be6 8. c3 Qc7 9. Bxd6 Qxd6 10. Ng3 Nbd7 11. Re1 O-O-O 12. Nd2 g6 13. Qa4 Kb8 14. Nf3 Nb6 15. Qc2 h5 16. Ng5 h4 17. Nf1 Ne4 18. Nxe6 fxe6 19. Bxe4 dxe4 20. Qxe4 Qd5 21. Qxe6 1-0

[Event "Schachfestival Open-B 2018"]
[Site "Lueneburg"]
[Date "2018.07.07"]
[Round "1"]
[White "Schmidt, Johannes"]
[Black "Kaesemann, Holger, Dr."]
[Result "0-1"]
[ECO "A41"]
[WhiteElo "1589"]
[BlackElo "1746"]
[Annotator "NA"]
[PlyCount "50"]
[EventDate "2018.07.06"]
[EventType "swiss"]
[EventCountry "GER"]
[SourceTitle "playchess.com"]
[Source "ChessBase"]
[SourceQuality "1"]
[TimeControl "40/5400+30:1800+30"]

1. d4 d6 2. Nf3 Nf6 3. Bf4 Nbd7 4. e3 g6 5. c3 Bg7 6. Bd3 O-O 7. O-O c5 8. Nbd2 Nh5 9. Bg5 h6 10. Bh4 Kh8 11. g4 Nhf6 12. g5 Nh7 13. Ne4 b6 14. gxh6 Bf6 15. Nxf6 Ndxf6 16. c4 Bg4 17. Be2 Qc8 18. Ne1 Bh3 19. Ng2 Qf5 20. e4 Qd7 21. Bf3 Rad8 22. Re1 g5 23. Bg3 g4 24. Nf4 gxf3 25. Qxf3 cxd4 0-1

[Event "Schachfestival Open-B 2018"]
[Site "Lueneburg"]
[Date "2018.07.08"]
[Round "2"]
[White "Rausch, Darius"]
[Black "Bahr, Arne"]
[Result "1-0"]
[ECO "B06"]
[WhiteElo "1776"]
[BlackElo "1674"]
[Annotator "NA"]
[PlyCount "75"]
[EventDate "2018.07.06"]
[EventType "swiss"]
[EventCountry "GER"]
[SourceTitle "playchess.com"]
[Source "ChessBase"]
[SourceQuality "1"]
[TimeControl "40/5400+30:1800+30"]

1. e4 g6 2. d4 Nf6 3. Nc3 d5 4. e5 Nh5 5. Be2 Nc6 6. Be3 Ng7 7. f4 h5 8. Nf3 Bf5 9. a3 Qd7 10. Qd2 Bg4 11. h3 Bxf3 12. Bxf3 e6 13. g4 hxg4 14. hxg4 Rxh1+ 15. Bxh1 O-O-O 16. Bf3 Be7 17. Qh2 Na5 18. Be2 Nc4 19. Bxc4 dxc4 20. Qh7 Bf8 21. Qh1 c6 22. O-O-O Ne8 23. Ne4 Qd5 24. Ng5 c3 25. Qxd5 cxb2+ 26. Kxb2 Rxd5 27. Nxf7 Rb5+ 28. Ka2 Nc7 29. c4 Ra5 30. Rd3 Kd7 31. Nh8 b5 32. Nxg6 bxc4 33. Nxf8+ Ke8 34. Rc3 Nd5 35. Bd2 Ra4 36. Nxe6 Nxc3+ 37. Bxc3 Ke7 38. Nc5 1-0

[Event "Schachfestival Open-B 2018"]
[Site "Lueneburg"]
[Date "2018.07.08"]
[Round "2"]
[White "Kaesemann, Holger Dr."]
[Black "Turp, Huseyin"]
[Result "1-0"]
[ECO "B12"]
[WhiteElo "1746"]
[BlackElo "1630"]
[Annotator "NA"]
[PlyCount "173"]
[EventDate "2018.07.06"]
[EventType "swiss"]
[EventCountry "GER"]
[SourceTitle "playchess.com"]
[Source "ChessBase"]
[SourceQuality "1"]
[TimeControl "40/5400+30:1800+30"]

1. e4 c6 2. d4 d5 3. e5 Bf5 4. Nf3 e6 5. c3 Nd7 6. Qb3 Qc8 7. Nh4 Bg6 8. Nxg6 hxg6 9. Nd2 a6 10. f4 c5 11. Nf3 cxd4 12. cxd4 Ne7 13. Bd2 Nc6 14. Rc1 Be7 15. Bd3 Bh4+ 16. Nxh4 Rxh4 17. O-O Qb8 18. Be3 Qa7 19. Qc3 Rc8 20. b3 Qb6 21. Qe1 Qd8 22. Qg3 Rh8 23. Rf2 Qh4 24. Qxh4 Rxh4 25. g3 Rh8 26. Rfc2 Ndb8 27. b4 Kd7 28. a3 Ne7 29. Rc5 Rxc5 30. bxc5 Nf5 31. Bxf5 gxf5 32. h4 Nc6 33. Rb1 Rb8 34. Kf2 Kc7 35. Ke2 b6 36. cxb6+ Rxb6 37. Rc1 Rb3 38. Ra1 Na5 39. Kf2 Nc4 40. Bc1 Rd3 41. a4 Rxd4 42. Ke2 Re4+ 43. Kf2 Nb6 44. a5 Nd7 45. Ba3 Rc4 46. Bd6+ Kc6 47. h5 f6 48. Rb1 fxe5 49. Bxe5 Nxe5 50. fxe5 Kc7 51. Rb6 Rc6 52. Rb4 Kc8 53. Ke3 Rc7 54. Rb6 Rc3+ 55. Kf4 Rc4+ 56. Kf3 Kd7 57. Rxa6 Rc7 58. Rd6+ Ke7 59. a6 Ra7 60. Rb6 Kd7 61. Kf4 Rc7 62. Kg5 Rc3 63. Kf4 Rc4+ 64. Kf3 Ra4 65. Rb7+ Kc6 66. Rxg7 Rxa6 67. h6 Ra8 68. h7 Rh8 69. Kf4 d4 70. Re7 Kd5 71. Rd7+ Kc4 72. Rc7+ Kd3 73. Kg5 Ke4 74. Kf6 d3 75. Rd7 Ke3 76. Kg7 Re8 77. h8=Q Rxh8 78. Kxh8 Ke4 79. Kg7 Kxe5 80. Rxd3 Ke4 81. Rd6 Kf3 82. Rxe6 Kxg3 83. Rg6+ Kf3 84. Kf6 f4 85. Kf5 Ke3 86. Re6+ Kf3 87. Re4 1-0

[Event "Schachfestival Open-B 2018"]
[Site "Lueneburg"]
[Date "2018.07.08"]
[Round "2"]
[White "Harig, Wolfram"]
[Black "Kolhoff, Manfred"]
[Result "1/2-1/2"]
[ECO "C01"]
[WhiteElo "1724"]
[BlackElo "1623"]
[Annotator "NA"]
[PlyCount "60"]
[EventDate "2018.07.06"]
[EventType "swiss"]
[EventCountry "GER"]
[SourceTitle "playchess.com"]
[Source "ChessBase"]
[SourceQuality "1"]
[TimeControl "40/5400+30:1800+30"]

1. e4 e6 2. d4 d5 3. exd5 exd5 4. Nf3 Nf6 5. Bg5 Be7 6. Nbd2 O-O 7. c4 c6 8. Rc1 Bf5 9. Qb3 Qb6 10. Qxb6 axb6 11. a3 Re8 12. Be2 Bd8 13. Ne5 Nbd7 14. Ndf3 Nxe5 15. dxe5 Nd7 16. cxd5 cxd5 17. Bxd8 Raxd8 18. O-O Nxe5 19. Nd4 Be6 20. Rfe1 Ng6 21. g3 Rc8 22. f4 Rxc1 23. Rxc1 Rc8 24. Rxc8+ Bxc8 25. Bf3 Ne7 26. Nb5 Bd7 27. Nd4 Nc6 28. Nb5 Ne7 29. Nd4 Nc6 30. Nb5 Ne7 1/2-1/2

[Event "Schachfestival Open-B 2018"]
[Site "Lueneburg"]
[Date "2018.07.08"]
[Round "2"]
[White "Brockmann, Marc"]
[Black "Matthies, Alexander"]
[Result "1-0"]
[ECO "A29"]
[WhiteElo "1710"]
[BlackElo "1599"]
[Annotator "NA"]
[PlyCount "111"]
[EventDate "2018.07.06"]
[EventType "swiss"]
[EventCountry "GER"]
[SourceTitle "playchess.com"]
[Source "ChessBase"]
[SourceQuality "1"]
[TimeControl "40/5400+30:1800+30"]

1. c4 e5 2. Nc3 Nf6 3. Nf3 Nc6 4. g3 Be7 5. Bg2 O-O 6. O-O d6 7. d4 exd4 8. Nxd4 Ne5 9. b3 c6 10. Bb2 Be6 11. Qc2 Ng6 12. Rad1 Qc8 13. Rd2 Bh3 14. Rfd1 Bxg2 15. Kxg2 Qc7 16. Nf5 Rad8 17. Ne4 Nxe4 18. Qxe4 f6 19. Nxe7+ Nxe7 20. Qe6+ Kh8 21. Rxd6 Nc8 22. Rd7 Rxd7 23. Qxd7 Qxd7 24. Rxd7 b6 25. Bc1 h6 26. Bf4 Re8 27. Kf1 Kh7 28. Be3 Re6 29. Rc7 Ne7 30. Rxa7 c5 31. Ra6 Rc6 32. Ra7 Nf5 33. Bd2 Re6 34. Bc3 Nd6 35. Ke1 Ne4 36. Bb2 Rd6 37. Re7 Nd2 38. Re3 Kg6 39. h3 Kf5 40. Rd3 Rxd3 41. exd3 Nf3+ 42. Ke2 Ng1+ 43. Ke3 Nxh3 44. d4 Ke6 45. d5+ Kd6 46. f4 Ke7 47. Kf3 Ng1+ 48. Kf2 Nh3+ 49. Kg2 Nxf4+ 50. gxf4 g5 51. fxg5 hxg5 52. Bc1 Kd6 53. Kg3 b5 54. Kg4 bxc4 55. bxc4 Ke5 56. Bb2+ 1-0

[Event "Schachfestival Open-B 2018"]
[Site "Lueneburg"]
[Date "2018.07.08"]
[Round "2"]
[White "Groth, Matthias"]
[Black "Suliga, Eckhard"]
[Result "1/2-1/2"]
[ECO "E00"]
[WhiteElo "1661"]
[BlackElo "1722"]
[Annotator "NA"]
[PlyCount "66"]
[EventDate "2018.07.06"]
[EventType "swiss"]
[EventCountry "GER"]
[SourceTitle "playchess.com"]
[Source "ChessBase"]
[SourceQuality "1"]
[TimeControl "40/5400+30:1800+30"]

1. d4 Nf6 2. c4 e6 3. a3 b6 4. Nc3 Bb7 5. Bg5 h6 6. Bh4 Be7 7. e3 Ne4 8. Bxe7 Qxe7 9. Qf3 Nd6 10. Qg3 Qg5 11. Nf3 Qxg3 12. hxg3 Nc6 13. Rd1 Na5 14. Nd2 c5 15. b4 cxd4 16. Nb5 Nxb5 17. cxb5 dxe3 18. fxe3 Nc6 19. bxc6 dxc6 20. Ne4 Ke7 21. Nd6 Bc8 22. Be2 Rf8 23. Nxc8+ Raxc8 24. Kd2 c5 25. b5 Rfd8+ 26. Kc3 Kf6 27. Bf3 Ke7 28. Bc6 Rxd1 29. Rxd1 Rd8 30. Rxd8 Kxd8 31. e4 Ke7 32. e5 Kf8 33. g4 g5 1/2-1/2

[Event "Schachfestival Open-B 2018"]
[Site "Lueneburg"]
[Date "2018.07.08"]
[Round "2"]
[White "Rothenberg, Nina"]
[Black "Vahabi, Reza"]
[Result "1/2-1/2"]
[ECO "B13"]
[WhiteElo "1637"]
[BlackElo "1711"]
[Annotator "NA"]
[PlyCount "43"]
[EventDate "2018.07.06"]
[EventType "swiss"]
[EventCountry "GER"]
[SourceTitle "playchess.com"]
[Source "ChessBase"]
[SourceQuality "1"]
[TimeControl "40/5400+30:1800+30"]

1. e4 d5 2. exd5 c6 3. d4 cxd5 4. Bd3 Nf6 5. Bf4 Nc6 6. c3 a6 7. a4 Bg4 8. Nf3 e6 9. Nbd2 Bd6 10. Bxd6 Qxd6 11. O-O Rc8 12. b4 Nb8 13. Qb3 O-O 14. Rfe1 Qf4 15. Qb2 Bxf3 16. Nxf3 Nbd7 17. a5 Rc7 18. Rac1 Rfc8 19. h3 Ne8 20. b5 Qd6 21. Re2 Nb8 22. Rec2 1/2-1/2

[Event "Schachfestival Open-B 2018"]
[Site "Lueneburg"]
[Date "2018.07.09"]
[Round "3"]
[White "Domschke, Stephan"]
[Black "Rothenberg, Nina"]
[Result "0-1"]
[ECO "D00"]
[WhiteElo "1722"]
[BlackElo "1611"]
[Annotator "NA"]
[PlyCount "88"]
[EventDate "2018.07.06"]
[EventType "swiss"]
[EventCountry "GER"]
[SourceTitle "playchess.com"]
[Source "ChessBase"]
[SourceQuality "1"]
[TimeControl "40/5400+30:1800+30"]

1. d4 d5 2. Bf4 Nf6 3. e3 Bf5 4. c4 c6 5. Nd2 e6 6. Qb3 Qd7 7. Ngf3 Be7 8. Be2 h6 9. h3 O-O 10. c5 Re8 11. g4 Bh7 12. Ne5 Qc8 13. h4 Nfd7 14. Ndf3 Nxe5 15. Nxe5 Nd7 16. Nd3 f6 17. Rc1 Bf8 18. f3 Kh8 19. Qd1 e5 20. Bg3 Re6 21. Nf2 Qe8 22. O-O exd4 23. e4 dxe4 24. fxe4 Bxc5 25. Bd3 b6 26. Re1 Ne5 27. Bxe5 fxe5 28. Kh2 Qe7 29. Kg3 Rf8 30. Rf1 Ref6 31. Qe2 Qf7 32. Nh3 Rxf1 33. Rxf1 Qxf1 34. Qxf1 Rxf1 35. Bxf1 Bxe4 36. Nf2 Bd5 37. b3 Kg8 38. Bd3 Bd6 39. Be4 d3 40. Kf3 d2 41. Ke2 Bc5 42. Bc2 Be6 43. g5 Bxf2 44. Kxf2 Bg4 0-1

[Event "Schachfestival Open-B 2018"]
[Site "Lueneburg"]
[Date "2018.07.09"]
[Round "3"]
[White "Suliga, Eckhard"]
[Black "Raedisch, Peter"]
[Result "1-0"]
[ECO "C64"]
[WhiteElo "1722"]
[BlackElo "1606"]
[Annotator "NA"]
[PlyCount "187"]
[EventDate "2018.07.06"]
[EventType "swiss"]
[EventCountry "GER"]
[SourceTitle "playchess.com"]
[Source "ChessBase"]
[SourceQuality "1"]
[TimeControl "40/5400+30:1800+30"]

1. e4 e5 2. Nf3 Nc6 3. Bb5 Bc5 4. c3 Qe7 5. O-O a6 6. Bxc6 dxc6 7. Nxe5 Be6 8. d4 O-O-O 9. Nd2 Ba7 10. Qe2 f6 11. Nec4 h5 12. Nf3 g5 13. e5 Bg4 14. h3 Bd7 15. Re1 g4 16. Nh4 gxh3 17. e6 Be8 18. g3 Qh7 19. Qe4 Ne7 20. Qxh7 Rxh7 21. Kh2 c5 22. dxc5 Bxc5 23. Be3 Bxe3 24. Nxe3 Rd2 25. Nd1 Bc6 26. Kxh3 Rg7 27. f4 f5 28. Ne3 Be4 29. Nc4 Rd3 30. Rg1 Nd5 31. Raf1 b5 32. Ne5 Rd2 33. c4 bxc4 34. Nxc4 Rc2 35. Rc1 Kd8 36. Rxc2 Bxc2 37. Rg2 Be4 38. Rd2 Ke7 39. Rf2 Kxe6 40. Nf3 Rg8 41. Ncd2 Bd3 42. Ng5+ Kf6 43. Rf3 Be2 44. Rf2 Bg4+ 45. Kh2 Re8 46. Nc4 Re1 47. Rd2 Ne3 48. Nxe3 Rxe3 49. Rc2 c5 50. Rd2 c4 51. Kg2 Rd3 52. Rxd3 cxd3 53. Nf3 Ke6 54. Kf2 Kd5 55. Nd2 Kd4 56. a3 a5 57. Ke1 a4 58. b4 Be2 59. Nb1 Kc4 60. Kd2 Kb3 61. b5 Kb2 62. b6 Bf3 63. Nc3 Kxa3 64. Kxd3 Kb3 65. Nb1 Kb2 66. Nd2 Bb7 67. Nc4+ Ka2 68. Kc2 a3 69. Na5 Be4+ 70. Kc1 Bd5 71. b7 Bxb7 72. Nxb7 Kb3 73. Kb1 Kc3 74. Nd6 Kd4 75. Nxf5+ Ke4 76. Ng7 h4 77. gxh4 Kxf4 78. Ne6+ Kf5 79. Nd4+ Kf4 80. Ka2 Kg4 81. Nf3 Kf5 82. Kxa3 Kf6 83. Kb4 Kf5 84. Kc5 Kf6 85. Kd6 Kg6 86. Ke6 Kh6 87. Kf6 Kh7 88. Kg5 Kg7 89. Nd4 Kh7 90. Nf5 Kh8 91. Kg6 Kg8 92. Nd6 Kh8 93. Nf7+ Kg8 94. h5 1-0

[Event "Schachfestival Open-B 2018"]
[Site "Lueneburg"]
[Date "2018.07.09"]
[Round "3"]
[White "Suliga, Eckhard"]
[Black "Rothenberg, Nina"]
[Result "*"]
[WhiteElo "1722"]
[BlackElo "1611"]
[Annotator "NA"]
[PlyCount "34"]
[EventDate "2018.07.06"]
[EventType "swiss"]
[EventCountry "GER"]
[SourceTitle "playchess.com"]
[Source "ChessBase"]
[SourceQuality "1"]
[TimeControl "40/5400+30:1800+30"]

1. d4 d5 2. Bf4 Nf6 3. e3 Bf5 4. c4 c6 5. Nd2 e6 6. Qb3 Qd7 7. Ngf3 Be7 8. Be2 h6 9. h3 O-O 10. c5 Re8 11. g4 Bh7 12. Ne5 Qc8 13. h4 Nfd7 14. Ndf3 Nxe5 15. Nxe5 Nd7 16. Nd3 f6 17. Rc1 Bf8 *

[Event "Schachfestival Open-B 2018"]
[Site "Lueneburg"]
[Date "2018.07.09"]
[Round "3"]
[White "Hinnenberg, Benjamin"]
[Black "Rausch, Darius"]
[Result "1-0"]
[ECO "E60"]
[WhiteElo "1707"]
[BlackElo "1658"]
[Annotator "NA"]
[PlyCount "73"]
[EventDate "2018.07.06"]
[EventType "swiss"]
[EventCountry "GER"]
[SourceTitle "playchess.com"]
[Source "ChessBase"]
[SourceQuality "1"]
[TimeControl "40/5400+30:1800+30"]

1. d4 Nf6 2. Nf3 g6 3. g3 Bg7 4. Bg2 O-O 5. O-O d6 6. c4 c5 7. Qb3 Nc6 8. dxc5 dxc5 9. Rd1 Qc7 10. Be3 Na5 11. Qc2 Bf5 12. Qc1 Qb6 13. Nc3 Rac8 14. Ne5 Qe6 15. Nd3 b6 16. Nd5 Bxd3 17. Rxd3 Nxd5 18. Bxd5 Qe5 19. Rb1 e6 20. Bf3 Qc7 21. Bf4 Be5 22. Bd2 Nc6 23. Bxc6 Qxc6 24. Bh6 Rfd8 25. Qd2 Qc7 26. Rd1 Rxd3 27. Qxd3 Bxb2 28. Qd7 Bf6 29. e4 Bd4 30. Qa4 Rd8 31. Kg2 Qd7 32. Qb3 Qc6 33. Qf3 Qa4 34. Rxd4 f5 35. Rxd8+ Kf7 36. Qc3 Qc6 37. Qg7# 1-0

[Event "Schachfestival Open-B 2018"]
[Site "Lueneburg"]
[Date "2018.07.09"]
[Round "3"]
[White "Cordsen, Heinrich"]
[Black "Kaesemann, Holger"]
[Result "0-1"]
[ECO "B06"]
[WhiteElo "1685"]
[BlackElo "1746"]
[Annotator "NA"]
[PlyCount "71"]
[EventDate "2018.07.06"]
[EventType "swiss"]
[EventCountry "GER"]
[SourceTitle "playchess.com"]
[Source "ChessBase"]
[SourceQuality "1"]
[TimeControl "40/5400+30:1800+30"]

1. e4 g6 2. d4 Bg7 3. Nf3 e6 4. Be3 Ne7 5. Bd3 d6 6. Nc3 Nd7 7. Ne2 b6 8. c3 Bb7 9. Qc2 Rc8 10. Qd2 h6 11. O-O Nf6 12. Ng3 Ng4 13. b4 Nxe3 14. fxe3 O-O 15. h3 c5 16. b5 Qc7 17. Rac1 Qd7 18. a4 Ra8 19. Qe2 Rfc8 20. h4 Qc7 21. Qf2 Rf8 22. Qe2 Rae8 23. c4 f5 24. d5 fxe4 25. Bxe4 exd5 26. cxd5 Nxd5 27. Qc4 Rxe4 28. Nxe4 Kh7 29. Rce1 Qe7 30. Ng3 Nxe3 31. Qd3 Bxf3 32. Rxf3 Rxf3 33. gxf3 Qxh4 34. Qxd6 Nf5 35. Kg2 Nxd6 36. Rh1 0-1

[Event "Schachfestival Open-B 2018"]
[Site "Lueneburg"]
[Date "2018.07.09"]
[Round "3"]
[White "Paufler, Patrick"]
[Black "Brockmann, Marc"]
[Result "1-0"]
[ECO "D02"]
[WhiteElo "1626"]
[BlackElo "1710"]
[Annotator "NA"]
[PlyCount "72"]
[EventDate "2018.07.06"]
[EventType "swiss"]
[EventCountry "GER"]
[SourceTitle "playchess.com"]
[Source "ChessBase"]
[SourceQuality "1"]
[TimeControl "40/5400+30:1800+30"]

1. d4 d5 2. Nf3 Nf6 3. Bf4 Bf5 4. e3 e6 5. c4 c5 6. Nc3 Nc6 7. dxc5 dxc4 8. Bxc4 Bxc5 9. O-O O-O 10. h3 h6 11. Rc1 Ne4 12. Nxe4 Bxe4 13. Qe2 Qe7 14. Rfd1 Rfd8 15. Ne5 Nxe5 16. Bxe5 Qg5 17. Bg3 Bd6 18. Rd4 Bc6 19. Rg4 Qa5 20. Bxd6 Rxd6 21. Rd1 Rad8 22. Rgd4 Rxd4 23. Rxd4 Rxd4 24. exd4 Qg5 25. Qf1 Bd5 26. Bxd5 Qxd5 27. Qc1 Qd7 28. Qc5 b6 29. Qe5 Kf8 30. Qb8+ Ke7 31. Qe5 g6 32. Qe3 h5 33. Qg5+ Ke8 34. Qe5 Ke7 35. Qg5+ Ke8 36. Qe5 Qd8 1-0

[Event "Schachfestival Open-B 2018"]
[Site "Lueneburg"]
[Date "2018.07.09"]
[Round "3"]
[White "Bildat, Emilia"]
[Black "Haerig, Wolfram"]
[Result "1-0"]
[ECO "A22"]
[WhiteElo "1512"]
[BlackElo "1724"]
[Annotator "NA"]
[PlyCount "106"]
[EventDate "2018.07.06"]
[EventType "swiss"]
[EventCountry "GER"]
[SourceTitle "playchess.com"]
[Source "ChessBase"]
[SourceQuality "1"]
[TimeControl "40/5400+30:1800+30"]

1. c4 e5 2. Nc3 Nf6 3. g3 Be7 4. Bg2 O-O 5. d3 c6 6. Nf3 d6 7. O-O Bg4 8. b3 Nbd7 9. Bb2 Re8 10. h3 Bh5 11. g4 Bg6 12. Nh4 Nf8 13. Nxg6 Nxg6 14. e3 h6 15. Ne2 Qb6 16. d4 Rad8 17. Qc2 Rd7 18. Rfd1 Red8 19. dxe5 dxe5 20. Rxd7 Rxd7 21. Rd1 Qd8 22. Nc3 Rxd1+ 23. Qxd1 Qxd1+ 24. Nxd1 Kf8 25. Nc3 Nd7 26. Ne4 Ke8 27. Kf1 Nh4 28. Bh1 g5 29. Ng3 f6 30. Nh5 Kf7 31. f4 Bd6 32. f5 Bb4 33. a3 Be7 34. b4 Nb6 35. c5 Nc4 36. Bc1 a5 37. Ke2 axb4 38. axb4 e4 39. Bxe4 Ne5 40. Bb2 Bd8 41. Bxe5 fxe5 42. Kd3 Bc7 43. Kc4 Bd8 44. b5 Ba5 45. bxc6 bxc6 46. Bxc6 Bd2 47. Bd5+ Kf8 48. c6 Ke8 49. Ng7+ Ke7 50. Ne6 Ba5 51. Kb5 Bd8 52. Nxd8 Kxd8 53. Kb6 Ng6 1-0

[Event "Schachfestival Open-B 2018"]
[Site "Lueneburg"]
[Date "2018.07.10"]
[Round "4"]
[White "Kaesemann, Holger"]
[Black "Hinnenberg, Benjamin"]
[Result "0-1"]
[ECO "B06"]
[WhiteElo "1746"]
[BlackElo "1707"]
[Annotator "NA"]
[PlyCount "90"]
[EventDate "2018.07.06"]
[EventType "swiss"]
[EventCountry "GER"]
[SourceTitle "playchess.com"]
[Source "ChessBase"]
[SourceQuality "1"]
[TimeControl "40/5400+30:1800+30"]

1. e4 g6 2. d4 Bg7 3. c3 d6 4. Nf3 Nf6 5. Bd3 O-O 6. O-O c5 7. h3 c4 8. Bxc4 Nxe4 9. Re1 d5 10. Bb3 Be6 11. Bf4 Nc6 12. Nbd2 Nd6 13. Ng5 Qd7 14. Nxe6 fxe6 15. Bh2 Rf6 16. Be5 Rf5 17. Bxg7 Kxg7 18. Bc2 Rf6 19. Re3 Raf8 20. Rf3 e5 21. Rxf6 exf6 22. dxe5 fxe5 23. Nf3 e4 24. Nd4 Qf7 25. Qe2 Nxd4 26. cxd4 Nf5 27. Rd1 Qf6 28. Qd2 Nh4 29. Qe3 Nf5 30. Qf4 g5 31. Qc7+ Rf7 32. Qc3 h5 33. Bb3 Nh4 34. Qg3 Rd7 35. Qe5 Ng6 36. Qxf6+ Kxf6 37. Rc1 Nf4 38. Rc2 Ne6 39. Rd2 Ke7 40. g3 Kd6 41. Kf1 Rf7 42. Ke2 h4 43. Bd1 hxg3 44. fxg3 Rf3 45. Rd3 Rxd3 0-1

[Event "Schachfestival Open-B 2018"]
[Site "Lueneburg"]
[Date "2018.07.10"]
[Round "4"]
[White "Brockmann, Marc"]
[Black "Bildat, Emilia"]
[Result "0-1"]
[ECO "A29"]
[WhiteElo "1710"]
[BlackElo "1512"]
[Annotator "NA"]
[PlyCount "36"]
[EventDate "2018.07.06"]
[EventType "swiss"]
[EventCountry "GER"]
[SourceTitle "playchess.com"]
[Source "ChessBase"]
[SourceQuality "1"]
[TimeControl "40/5400+30:1800+30"]

1. c4 e5 2. Nc3 Nf6 3. Nf3 Nc6 4. g3 Bc5 5. Bg2 O-O 6. O-O d6 7. e3 Bg4 8. Qb3 Rb8 9. h3 Bf5 10. Qd1 Bd3 11. Re1 Bxc4 12. Qc2 Nb4 13. Qa4 b5 14. Qd1 Nd3 15. b3 Nxe1 16. bxc4 Nxf3+ 17. Bxf3 bxc4 18. Nd5 e4 0-1

[Event "Schachfestival Open-B 2018"]
[Site "Lueneburg"]
[Date "2018.07.10"]
[Round "4"]
[White "Rausch, Darius"]
[Black "Cordsen, Heinrich"]
[Result "1-0"]
[ECO "B12"]
[WhiteElo "1658"]
[BlackElo "1685"]
[Annotator "NA"]
[PlyCount "103"]
[EventDate "2018.07.06"]
[EventType "swiss"]
[EventCountry "GER"]
[SourceTitle "playchess.com"]
[Source "ChessBase"]
[SourceQuality "1"]
[TimeControl "40/5400+30:1800+30"]

1. e4 c6 2. d4 d5 3. e5 Bf5 4. Nc3 e6 5. g4 Bg6 6. Nge2 Bb4 7. Nf4 Be4 8. f3 Qh4+ 9. Ke2 Bg6 10. Ng2 Qe7 11. h4 h6 12. a3 Bxc3 13. bxc3 c5 14. Nf4 Bh7 15. Kf2 c4 16. g5 Bf5 17. Nh5 f6 18. f4 Nd7 19. Bg2 Qf7 20. exf6 gxf6 21. Bf3 O-O-O 22. Ng3 Ne7 23. h5 hxg5 24. fxg5 fxg5 25. Bxg5 Rdf8 26. Bxe7 Qxe7 27. Ke1 Bxc2 28. Qe2 Bd3 29. Qe3 Rf7 30. Bg4 Re8 31. Kd2 Nf6 32. Be2 Ne4+ 33. Nxe4 Bxe4 34. Rh3 b5 35. Bf3 Bf5 36. Rh2 Qf8 37. h6 Bd3 38. Bg4 Be4 39. Bh5 Ree7 40. Bxf7 Rxf7 41. h7 Qh8 42. Rah1 Kd7 43. Rh6 Rg7 44. R1h2 Ke7 45. Qf4 Kd7 46. Qf6 Bf5 47. Kc1 Rg1+ 48. Kb2 Rg7 49. Qxg7+ Qxg7 50. h8=Q Qg1 51. Rh7+ Kc6 52. Qc8+ 1-0